 Dungeon Sprint DCSS version 0.30-a0-509-gd016549fea (webtiles) character file.

Game seed: 6238448193613403588

79592 rocky1 the Shatterer (level 14, -4/146 HPs)
             Began as a Minotaur Fighter on Dec 23, 2022.
             Was an Initiate of Gozag.
             Killed by vampiric draining
             ... invoked by a vampire knight
              (26 damage)
             ... while paralysed by a vampire knight
             ... in the Dungeon (Sprint III: "The Ten Rune Challenge").
             The game lasted 00:30:17 (7630 turns).

rocky1 the Shatterer (Minotaur Fighter)             Turns: 7630, Time: 00:30:17

Health: -4/146     AC: 37    Str: 33    XL:     14   Next: 24%
Magic:  13/13      EV:  2    Int:  5    God:    Gozag
Gold:   4409       SH:  0    Dex:  4    Spells: 13/13 levels left

rFire   . . .      SeeInvis +    x - +1 morningstar (pain)
rCold   . . .      Faith    .    c - +0 buckler
rNeg    . . .      Spirit   .    E - +13 chain mail "Gefivax" {Dex-5 Slay+5}
rPois   .          Reflect  .    s - +2 hat {SInv}
rElec   .          Harm     .    F - +0 cloak
rCorr   .          Rampage  .    G - +2 pair of gloves {Stlth+}
Will    ++...      NoTele   +    o - +0 pair of boots
Stlth   ..........               l - amulet of regeneration
HPRegen 1.24/turn                j - +6 ring of strength
MPRegen 0.13/turn                m - ring of willpower

@: paralysed, gold aura
A: horns 2, retaliatory headbutt
}: 2/10 runes: serpentine, barnacled
a: Renounce Religion, Potion Petition, Call Merchant, Bribe Branch


You were in the Dungeon.
You worshipped Gozag.
Gozag was most pleased with you.
You visited 1 branch You collected 17823 gold pieces.
You spent 8024 gold pieces at shops.
You paid 5390 gold pieces to Gozag.

Inventory:

Hand Weapons
 x - a +1 morningstar of pain (weapon)
Missiles
 u - 7 curare-tipped darts
 y - 7 silver javelins (quivered)
Armour
 c - a +0 buckler (worn)
 f - a +1 plate armour of fire resistance
 o - a +0 pair of boots (worn)
 s - a +2 hat of see invisible (worn)
 w - the +0 leather armour "Lauheg" {rPois rF+}
   (You bought it in a shop in the Dungeon)

   rF:        It protects you from fire.
   rPois:     It protects you from poison.
 E - the +13 chain mail "Gefivax" (worn) {Dex-5 Slay+5}
   (You bought it in a shop in the Dungeon)

   Dex:       It affects your dexterity (-5).
   Slay:      It affects your accuracy & damage with ranged weapons and melee
   (+5).
 F - a +0 cloak (worn)
 G - a +2 pair of gloves of stealth (worn)
Jewellery
 j - a +6 ring of strength (left hand)
 l - an amulet of regeneration (around neck)
 m - a ring of willpower (right hand)
 A - the amulet of the Four Winds {rN+ Will+++ Clar}
   (You bought it in a shop in the Dungeon)

   [amulet of nothing]

   rN:        It protects you from negative energy.
   Clar:      It protects you against confusion.
   Will:      It greatly increases your willpower.
Wands
 r - a wand of digging (1)
 H - a wand of polymorph (9)
 I - a wand of iceblast (9)
Scrolls
 n - a scroll of immolation
 B - a scroll of blinking
 C - a scroll of enchant armour
 D - a scroll of fear
Potions
 a - a potion of attraction {unknown}
 b - a potion of heal wounds
 d - a potion of might
 e - 11 potions of curing
 g - 4 potions of haste
 h - 2 potions of magic
 i - 4 potions of invisibility
 k - 5 potions of mutation
 p - 4 potions of flight
 t - a potion of ambrosia
 v - 2 potions of resistance
 z - a potion of experience
Miscellaneous
 q - a condenser vane


   Skills:
 + Level 19.1 Fighting
 + Level 21.1 Maces & Flails
 + Level 10.1 Throwing
 + Level 18.5 Armour
 + Level 18.0 Dodging
 + Level 14.1 Shields
 + Level 10.2 Necromancy
 - Level 11.1 Evocations


You had 13 spell levels left.
You didn't know any spells.
Your spell library contained the following spells:

 Spells                   Type           Power      Damage    Failure   Level
 Gell's Gravitas          Tloc           0%         N/A       99%         3
 Lesser Beckoning         Tloc           0%         N/A       99%         3
 Teleport Other           Tloc           0%         N/A       99%         3


Dungeon Overview and Level Annotations

Branches:
Dungeon (1/1)

Altars:
Cheibriados
Dithmenos
Elyvilon
Fedhas
Gozag
Hepliaklqana
Kikubaaqudgha
Makhleb
Nemelex Xobeh
Okawaru
Qazlal
Ru
Sif Muna
Trog
Uskayaw
Vehumet
Wu Jian
Xom
Yredelemnul
Zin
The Shining One
Jiyva
Lugonu

Shops:
D =(([:![[(:?[[:===!


Innate Abilities, Weirdness & Mutations

You have a pair of horns on your head.
You reflexively headbutt those who attack you in melee.


Message History

The vampire knight is healed by the life force!
You barely miss the vampire knight.
The vampire knight is heavily damaged.
The vampire knight hits you with a +0 glaive!
* * * LOW HITPOINT WARNING * * *
The vampire knight misses you.
You impale the vampire knight!!
The vampire knight is severely damaged.
The vampire knight closely misses you.
The vampire knight bites you but does no damage.
You hit the vampire knight but do no damage.
The vampire knight is severely damaged.
The vampire knight hits you with a +0 glaive!
* * * LOW HITPOINT WARNING * * *
You block the vampire knight's attack.
You feel much better.
The vampire knight hits you with a +0 glaive!
* * * LOW HITPOINT WARNING * * *
The vampire knight bites you but does no damage.
You puncture the vampire knight!
Your headbutt misses the vampire knight.
The vampire knight is almost destroyed.
You block the vampire knight's attack.
The vampire knight bites you but does no damage.
You hit the vampire knight but do no damage.
The vampire knight is almost destroyed.
The vampire knight gestures at you while chanting.
You suddenly lose the ability to move!
The vampire knight is distracted by your dazzling golden aura.
The vampire knight is no longer distracted by gold.
The vampire knight hits you but does no damage.
The vampire knight bites you but does no damage.
The vampire knight draws life force from you!!
* * * LOW HITPOINT WARNING * * *
The vampire knight is healed by the life force!
The vampire knight gestures at you while chanting.
You shrug off the repeated paralysis!
The vampire knight draws life force from you!!
You die...
Your body crumbles into a pile of gold.

#.#.∩⌠⌠∩.# #.'..#......#
..#.∩∩∩∩.# #.#..#......#
§.#..∩∩∩.# #.#..'.)....#
§§#......# +.#..#......#
§§###''### #.#..#......#
.§#.⌠..⌠.# ###########'#
#§#......# ### #######.#
#........# #V# #.#.#.#.#
.........#+#+#+#@#+#)#)#'#'#
.........#^.......^^.......#
##########....^............#
#+#+#+#'#'#'#'#'#'#
#.#.#.#)#.#)# ▓▓▓▓▓▓▓▓▓▓▓▓▓


You could see a vampire knight (fast, invisible).

Vanquished Creatures
  A bone dragon (D)
  Rupert (D)
  Gastronok (D)
  A kraken (D)
  Dowan (D)
  A nagaraja (D)
  A vampire knight (D)
  2 dire elephants (D)
  A yaktaur captain (D)
  An ice dragon (shapeshifter) (D)
  2 hydras (D)
  A fire dragon (D)
  Erolcha (D)
  4 anacondas (D)
  2 centaur warriors (D)
  An alligator snapping turtle (D)
  A naga warrior (D)
  4 death yaks (D)
  Urug (D)
  2 skeletal warriors (D)
  A spriggan druid (D)
  A death drake (D)
  An orange crystal statue (D)
  A lindwurm (D)
  A deep elf pyromancer (D)
  4 crystal guardians (D)
  An ugly thing (D)
  A guardian serpent (D)
  10 black mambas (D)
  2 elephants (D)
  2 elephants (shapeshifter) (D)
  A guardian serpent (shapeshifter) (D)
  2 cane toads (D)
  Duvessa (D)
  A komodo dragon (D)
  A rime drake (D)
  A merfolk (shapeshifter) (D)
  A queen bee (D)
  4 spriggan defenders (D)
  2 tyrant leeches (D)
  2 orc high priests (D)
  8 blink frogs (D)
  5 snapping turtles (D)
  2 slime creatures (D)
  A shadow (D)
  2 spriggans (D)
  3 wandering mushrooms (D)
  5 redbacks (D)
  2 nagas (D)
  A spatial vortex (D)
  3 water moccasins (D)
  2 orc warriors (D)
  A swamp drake (D)
  5 two-headed ogres (D)
  A necrophage (D)
  A scorpion (D)
  A water elemental (D)
  32 killer bees (D)
  An electric eel (D)
  A jelly (D)
  5 orc priests (D)
  A wizard (D)
  3 orc wizards (D)
  2 necromancers (D)
  3 humans (D)
  A kobold demonologist (D)
  3 adders (D)
  10 orcs (D)
  A ball python zombie (D)
  A giant cockroach zombie (D)
  A jackal zombie (D)
  A quokka simulacrum (D)
  4 rats (D)
  4 tentacles (D)
188 creatures vanquished.

Vanquished Creatures (others)
  A bush (D)
  2 fungi (D)
  15 plants (D)
  8 tentacles (D)
26 creatures vanquished.

Grand Total: 214 creatures vanquished

Notes
Turn   | Place    | Note
-------+----------+-------------------------------------------
     0 | D        | rocky1 the Minotaur Fighter began the quest for the Orb.
     0 | D        | Reached XP level 1. HP: 19/19 MP: 0/0
    79 | D        | Reached skill level 3 in Maces & Flails
    79 | D        | Reached skill level 5 in Shields
    79 | D        | Reached XP level 2. HP: 19/28 MP: 1/1
   114 | D        | Noticed a scorpion
   118 | D        | Killed a scorpion
   119 | D        | Reached skill level 4 in Maces & Flails
   119 | D        | Reached skill level 5 in Armour
   119 | D        | Reached XP level 3. HP: 26/38 MP: 2/2
   119 | D        | Reached XP level 4. HP: 31/45 MP: 3/3
   210 | D        | Noticed a water elemental
   214 | D        | Killed a water elemental
   215 | D        | Reached skill level 5 in Maces & Flails
   226 | D        | Noticed a shadow
   234 | D        | Reached skill level 6 in Maces & Flails
   234 | D        | Reached XP level 5. HP: 39/53 MP: 4/4
   291 | D        | Found a blossoming altar of Fedhas.
   292 | D        | Found a stormy altar of Qazlal.
   297 | D        | Found a snail-covered altar of Cheibriados.
   297 | D        | Found a burning altar of Makhleb.
   297 | D        | Found a shimmering altar of Xom.
   298 | D        | Found a hazy altar of Hepliaklqana.
   298 | D        | Found an opulent altar of Gozag.
   298 | D        | Found a sparkling altar of Nemelex Xobeh.
   298 | D        | Found a corrupted altar of Lugonu.
   298 | D        | Found a viscous altar of Jiyva.
   298 | D        | Noticed a spatial vortex
   304 | D        | Became a worshipper of Gozag Ym Sagoz the Greedy
   327 | D        | HP: 1/53 [shadow (10)]
   328 | D        | Killed a shadow
   329 | D        | Reached skill level 8 in Maces & Flails
   329 | D        | Reached XP level 6. HP: 2/63 MP: 5/5
   553 | D        | Killed a spatial vortex
   554 | D        | Reached skill level 9 in Maces & Flails
   672 | D        | Found a basalt altar of Yredelemnul.
   672 | D        | Found a shadowy altar of Dithmenos.
   672 | D        | Found a sacrificial altar of Ru.
   679 | D        | Reached skill level 10 in Maces & Flails
   683 | D        | Reached XP level 7. HP: 68/70 MP: 6/6
   706 | D        | Found a radiant altar of Vehumet.
   706 | D        | Found a shimmering blue altar of Sif Muna.
   706 | D        | Found an ancient bone altar of Kikubaaqudgha.
   801 | D        | Found a hide-covered altar of Uskayaw.
   801 | D        | Found an iron altar of Okawaru.
   801 | D        | Found a bloodstained altar of Trog.
   801 | D        | Found an ornate altar of the Wu Jian Council.
   801 | D        | Noticed a human
   803 | D        | Noticed a human
   807 | D        | Killed a human
   808 | D        | Reached skill level 11 in Maces & Flails
   808 | D        | Reached skill level 10 in Shields
   816 | D        | HP: 2/70 [human/+0 hand axe (8)]
   819 | D        | Killed a human
   820 | D        | Reached skill level 12 in Maces & Flails
  1044 | D        | Found a glowing silver altar of Zin.
  1044 | D        | Found a glowing golden altar of the Shining One.
  1044 | D        | Found a white marble altar of Elyvilon.
  1045 | D        | Noticed a deep elf pyromancer
  1058 | D        | Killed a deep elf pyromancer
  1059 | D        | Reached skill level 13 in Maces & Flails
  1059 | D        | Reached skill level 5 in Evocations
  1059 | D        | Reached XP level 8. HP: 59/78 MP: 7/7
  1137 | D        | Reached skill level 1 in Dodging
  1169 | D        | Noticed a two-headed ogre
  1177 | D        | Killed a two-headed ogre
  1178 | D        | Reached skill level 10 in Fighting
  1178 | D        | Reached skill level 14 in Maces & Flails
  1262 | D        | Noticed Erolcha
  1262 | D        | Noticed a two-headed ogre
  1284 | D        | Killed Erolcha
  1285 | D        | Reached skill level 5 in Dodging
  1285 | D        | Reached XP level 9. HP: 58/86 MP: 8/8
  1288 | D        | Killed a two-headed ogre
  1289 | D        | Reached skill level 10 in Armour
  1324 | D        | Reached skill level 15 in Maces & Flails
  1636 | D        | Found Zaeckobb's Distillery.
  1725 | D        | Bought a potion of heal wounds for 50 gold pieces
  1725 | D        | Bought a potion of ambrosia for 80 gold pieces
  1725 | D        | Bought a potion of experience for 500 gold pieces
  1725 | D        | Bought a potion of resistance for 100 gold pieces
  1725 | D        | Bought a potion of berserk rage for 50 gold pieces
  1725 | D        | Bought a potion of haste for 100 gold pieces
  1725 | D        | Bought a potion of haste for 100 gold pieces
  1725 | D        | Bought a potion of resistance for 100 gold pieces
  1756 | D        | Bought the +0 leather armour "Lauheg" {rPois rF+} for 282
                  | gold pieces
  1782 | D        | Noticed a queen bee
  1792 | D        | Reached XP level 10. HP: 91/97 MP: 9/9
  1815 | D        | HP: 4/99 [poisoned by a killer bee]
  1832 | D        | HP: 5/148 [killer bee (4)]
  1835 | D        | HP: 1/148 [killer bee (5)]
  2168 | D        | HP: 4/100 [killer bee (5)]
  2476 | D        | Bought a +1 plate armour of fire resistance for 490 gold
                  | pieces
  2537 | D        | Reached skill level 16 in Maces & Flails
  2569 | D        | Bought a glowing morningstar for 224 gold pieces
  2574 | D        | Noticed a cane toad
  2574 | D        | Noticed a cane toad
  2578 | D        | Killed a cane toad
  2588 | D        | Reached skill level 1 in Necromancy
  2593 | D        | Killed a cane toad
  2973 | D        | Noticed a lindwurm
  2984 | D        | Killed a lindwurm
  2985 | D        | Reached skill level 10 in Evocations
  3084 | D        | Reached XP level 11. HP: 106/110 MP: 10/10
  3094 | D        | Noticed Urug
  3101 | D        | Killed Urug
  3240 | D        | Noticed a six-headed hydra
  3240 | D        | Noticed a four-headed hydra
  3252 | D        | Killed a six-headed hydra
  3253 | D        | Reached skill level 17 in Maces & Flails
  3253 | D        | Reached skill level 10 in Dodging
  3254 | D        | Killed a four-headed hydra
  3311 | D        | Noticed a death drake
  3321 | D        | Killed a death drake
  3679 | D        | Reached skill level 5 in Necromancy
  3679 | D        | Reached XP level 12. HP: 118/118 MP: 11/11
  3799 | D        | Noticed a kraken
  3881 | D        | Killed a kraken
  3998 | D        | Found a blossoming altar of Fedhas.
  4099 | D        | Noticed an alligator snapping turtle
  4121 | D        | Reached skill level 15 in Fighting
  4134 | D        | HP: 5/119 [snapping turtle (17)]
  4562 | D        | Killed an alligator snapping turtle
  4570 | D        | Found Afakum's Antique Armour Boutique.
  4570 | D        | Found Gosmemp's Distillery.
  4570 | D        | Found Basy's Book Emporium.
  4578 | D        | Got a barnacled rune of Zot
  4580 | D        | Bought a potion of curing for 39 gold pieces
  4580 | D        | Bought a potion of invisibility for 104 gold pieces
  4580 | D        | Bought a potion of heal wounds for 65 gold pieces
  4580 | D        | Bought a potion of curing for 39 gold pieces
  4580 | D        | Bought a potion of curing for 39 gold pieces
  4580 | D        | Bought a potion of might for 52 gold pieces
  4580 | D        | Bought a potion of resistance for 130 gold pieces
  4588 | D        | Bought a pair of boots for 85 gold pieces
  4596 | D        | Bought a manual of Dodging for 1120 gold pieces
  4676 | D        | Reached skill level 18 in Maces & Flails
  4693 | D        | Noticed Rupert
  4703 | D        | Killed Rupert
  4976 | D        | Noticed a death yak
  4977 | D        | Noticed a death yak
  4978 | D        | Noticed a death yak
  4983 | D        | Noticed a death yak
  4988 | D        | Killed a death yak
  4989 | D        | Reached skill level 15 in Armour
  4997 | D        | Killed a death yak
  5004 | D        | Killed a death yak
  5009 | D        | Killed a death yak
  5010 | D        | Reached XP level 13. HP: 89/128 MP: 12/12
  5012 | D        | Noticed an azure jelly
  5012 | D        | Noticed an azure jelly
  5013 | D        | Noticed an azure jelly
  5013 | D        | Noticed an azure jelly
  5328 | D        | Reached skill level 5 in Throwing
  5330 | D        | Reached skill level 19 in Maces & Flails
  5732 | D        | Reached skill level 15 in Dodging
  6051 | D        | Noticed a nagaraja
  6075 | D        | Killed a nagaraja
  6116 | D        | Found Duwk's Jewellery Boutique.
  6116 | D        | Found Woni's Antique Weapon Emporium.
  6118 | D        | Found Ytetet's Distillery.
  6272 | D        | Bought a +6 ring of strength for 432 gold pieces
  6272 | D        | Bought an amulet of regeneration for 360 gold pieces
  6272 | D        | Bought a ring of willpower for 300 gold pieces
  6281 | D        | Bought 2 potions of flight for 60 gold pieces
  6281 | D        | Bought a potion of curing for 30 gold pieces
  6281 | D        | Bought a potion of curing for 30 gold pieces
  6281 | D        | Bought 2 potions of curing for 60 gold pieces
  6281 | D        | Bought a potion of curing for 30 gold pieces
  6281 | D        | Bought a potion of degeneration for 10 gold pieces
  6281 | D        | Bought a potion of invisibility for 80 gold pieces
  6281 | D        | Bought a potion of curing for 30 gold pieces
  6281 | D        | Bought a potion of curing for 30 gold pieces
  6303 | D        | Got a serpentine rune of Zot
  6399 | D        | Noticed a dire elephant
  6399 | D        | Noticed a dire elephant
  6399 | D        | Noticed Gastronok
  6404 | D        | Killed a dire elephant
  6407 | D        | Killed Gastronok
  6410 | D        | Killed a dire elephant
  6411 | D        | Reached skill level 20 in Maces & Flails
  6540 | D        | Noticed Dowan
  6540 | D        | Noticed Duvessa
  6552 | D        | Killed Duvessa
  6561 | D        | Killed Dowan
  6700 | D        | Found Qyocino's Antique Armour Emporium.
  6700 | D        | Found Ohah's Book Shop.
  6700 | D        | Found Ufrysaz's Distillery.
  6700 | D        | Found Caw Ryrph's Magic Scroll Boutique.
  6700 | D        | Found Faciar's Armour Emporium.
  6700 | D        | Found Kebin's Jewellery Shop.
  6700 | D        | Found Ebutra Tihul's Jewellery Emporium.
  6700 | D        | Found Torgho Okor's Jewellery Boutique.
  6701 | D        | Found Mug Ineu's Book Shoppe.
  6701 | D        | Found Yleu's Antique Weapon Shop.
  6701 | D        | Found Leosuru's Antique Armour Emporium.
  6731 | D        | Bought a potion of mutation for 80 gold pieces
  6731 | D        | Bought a potion of experience for 500 gold pieces
  6731 | D        | Bought a potion of invisibility for 80 gold pieces
  6731 | D        | Bought a potion of mutation for 80 gold pieces
  6731 | D        | Bought a potion of heal wounds for 50 gold pieces
  6731 | D        | Bought a potion of haste for 100 gold pieces
  6731 | D        | Bought a potion of curing for 30 gold pieces
  6734 | D        | Bought the amulet of the Four Winds {rN+ Will+++ Clar} for
                  | 728 gold pieces
  6734 | D        | Found the amulet of the Four Winds {rN+ Will+++ Clar}
  6740 | D        | Bought a scroll of acquirement for 520 gold pieces
  6740 | D        | Bought a scroll of enchant armour for 75 gold pieces
  6740 | D        | Bought a scroll of fear for 40 gold pieces
  6743 | D        | Bought a dazzling chain mail for 228 gold pieces
  6743 | D        | Identified the +13 chain mail "Gefivax" {Dex-5 Slay+5} (You
                  | bought it in a shop in the Dungeon)
  6757 | D        | Bought a +0 cloak for 54 gold pieces
  6757 | D        | Bought a +2 pair of gloves of stealth for 258 gold pieces
  7000 | D        | Acquired 1075 gold pieces
  7111 | D        | Noticed a broodmother
  7111 | D        | a broodmother changed into a great orb of eyes
  7197 | D        | Noticed a fire dragon
  7205 | D        | Killed a fire dragon
  7206 | D        | Reached XP level 14. HP: 89/144 MP: 13/13
  7490 | D        | Reached skill level 10 in Necromancy
  7534 | D        | Reached skill level 21 in Maces & Flails
  7557 | D        | Noticed a vampire knight
  7563 | D        | Killed a vampire knight
  7587 | D        | Noticed a bone dragon
  7599 | D        | Killed a bone dragon
  7600 | D        | Reached skill level 10 in Throwing
  7610 | D        | Noticed a vampire knight
  7626 | D        | Paralysed by a vampire knight for 4 turns
  7630 | D        | Killed from afar by a vampire knight

Illustrated notes

Levels and vault maps discovered:
D:        dungeon_sprint_mu [sprint_mu_entry_cave, sprint_mu_temple_rooms,
          sprint_mu_d1_spiders, sprint_mu_d2_genie, sprint_mu_d3_branching,
          sprint_mu_orc_legion, sprint_mu_elf_gauntlet, sprint_mu_hive_nellie,
          sprint_mu_lair_fedhas, sprint_mu_vaults_butterflies,
          sprint_mu_slime_circle, sprint_mu_shoals_kraken,
          sprint_mu_snake_twists, sprint_mu_blade_basic,
          sprint_mu_crypt_chambers, sprint_mu_tomb_spiral,
          sprint_mu_vestibule_basic, sprint_mu_gehenna_hellfire,
          sprint_mu_dis_giant, sprint_mu_tartarus_statrot,
          sprint_mu_cocytus_islands, sprint_mu_zot1]

Skill      XL: |  1  2  3  4  5  6  7  8  9 10 11 12 13 14 |
---------------+-------------------------------------------+-----
Shields        | 5 6 7 8 9 11 12 13 14 | 14.1
Fighting       | 4 6 7 9 10 12 14 16 18 19 | 19.1
Maces & Flails | 3 4 6 8 10 13 14 15 16 17 18 20 21 | 21.1
Armour         | 4 5 6 7 9 11 13 15 17 18 | 18.5
Evocations     | 3 5 7 8 10 11 | 11.1
Dodging        | 5 7 9 10 13 17 18 | 18.0
Necromancy     | 2 5 7 9 10 | 10.2
Throwing       | 3 9 10 | 10.1

Action                   |  1- 3 |  4- 6 |  7- 9 | 10-12 | 13-15 || total
-------------------------+-------+-------+-------+-------+-------++-------
Melee: Flail             |    31 |    32 |   131 |    96 |       ||   290
       Headbutt          |     4 |     5 |    21 |    54 |    67 ||   151
       Morningstar       |       |       |       |   211 |   298 ||   509
Throw: Javelin           |       |       |       |       |     8 ||     8
Invok: Potion Petition   |       |       |     2 |     5 |       ||     7
       Call Merchant     |       |       |     1 |     1 |       ||     2
Evoke: Condenser vane    |       |       |     1 |     1 |     1 ||     3
  Use: Potion            |       |       |     3 |     9 |     3 ||    15
       Scroll            |       |       |       |     5 |     1 ||     6
 Stab: Distracted        |       |       |       |     1 |     1 ||     2
       Invisible         |       |       |       |     1 |       ||     1
Armor: Scale mail        |    10 |     4 |     8 |       |       ||    22
       Chain mail        |       |       |    21 |       |    80 ||   101
       Leather armour    |       |       |     1 |     5 |       ||     6
       Plate armour      |       |       |       |    80 |    67 ||   147
Dodge: Dodged            |    12 |     7 |    63 |   120 |   106 ||   308
Block: Buckler           |     8 |     2 |    40 |    57 |    71 ||   178

Table legend: (Time is in decaauts)
 A = Elapsed time spent in this place.
 B = Non-inter-level travel time spent in this place.
 C = Inter-level travel time spent in this place.
 D = Time resting spent in this place.
 E = Time spent auto-exploring this place.
 F = Levels seen in this place.
 G = Mean time per level.
                   A        B        C        D        E       F      G
               +--------+--------+--------+--------+--------+-----+--------+
         Total |   7556 |   7336 |    220 |   4980 |     37 |   1 | 7556.0 |
       Dungeon |   7556 |   7336 |    220 |   4980 |     37 |   1 | 7556.0 |
               +--------+--------+--------+--------+--------+-----+--------+

Top non-repeatable levels by time:
       D: 7556 daAuts
